 Dungeon Crawl Stone Soup version 0.29.1-4-g47bece8355 (webtiles) character file.

Game seed: 15894061983150159147

118 ChadusMaximus the Caller (level 4, -7/24 HPs)
             Began as a Deep Elf Summoner on Dec 5, 2022.
             Killed by divine providence
             ... invoked by an orc priest
              (15 damage)
             ... on level 3 of the Dungeon.
             The game lasted 00:04:01 (3373 turns).

ChadusMaximus the Caller (Deep Elf Summoner)        Turns: 3373, Time: 00:04:02

Health: -7/24      AC:  2    Str:  5    XL:     4   Next: 72%
Magic:  12/12      EV: 13    Int: 22    God:
Gold:   72         SH:  0    Dex: 15    Spells: 5/11 levels left

rFire   . . .      SeeInvis .   d - +1 whip (pain)
rCold   . . .      Faith    .   (no shield)
rNeg    . . .      Spirit   .   a - +0 robe
rPois   .          Reflect  .   (no helmet)
rElec   .          Harm     .   (no cloak)
rCorr   .          Rampage  .   (no gloves)
Will    .....                   (no boots)
Stlth   ++........              c - amulet of magic regeneration
HPRegen 0.08/turn               (no ring)
MPRegen 0.53/turn               (no ring)

@: no status effects
A: no striking features
a: no special abilities


You were on level 3 of the Dungeon.
You visited 1 branch of the dungeon, and saw 3 of its levels.

You collected 72 gold pieces.

Inventory:

Hand Weapons
 d - a +1 whip of pain (weapon)
Armour
 a - a +0 robe (worn)
Jewellery
 c - an amulet of magic regeneration (around neck)
Wands
 g - a wand of light (3)
Scrolls
 e - 4 scrolls of identify {unknown}
 h - a scroll of amnesia {unknown}
Potions
 b - a potion of magic
 f - a potion of brilliance {unknown}
 i - a potion of attraction {unknown}
 j - a potion of berserk rage {unknown}
 k - a potion of heal wounds {unknown}


   Skills:
 - Level 3.4 Dodging
 - Level 3.6 Stealth
 + Level 4.2 Spellcasting
 * Level 5.2 Summonings


You had 5 spell levels left.
You knew the following spells:

 Your Spells              Type           Power      Damage    Failure   Level
a - Summon Small Mammal   Summ           100%       N/A       1%          1
b - Call Canine Familiar  Summ           28%        N/A       3%          3
c - Call Imp              Summ           28%        N/A       1%          2

Your spell library contained the following spells:

 Spells                   Type           Power      Damage    Failure   Level
 Summon Guardian Golem    Hex/Summ       16%        N/A       11%         3
 Blink                    Tloc           8%         N/A       17%         2
 Summon Lightning Spire   Summ/Air       16%        N/A       36%         4
 Manifold Assault         Tloc           4%         N/A       97%         5
 Malign Gateway           Summ/Tloc      8%         N/A       100%        7
 Storm Form               Tmut/Air       2%         N/A       100%        7
 Summon Horrible Things   Summ           14%        N/A       100%        8


Dungeon Overview and Level Annotations

Branches:
Dungeon (3/15)

Altars:
Ru


Message History

There are monsters nearby!
The goblin shouts!
You hit the orc.
The orc is almost dead.
The orc misses you.
You barely miss the orc.
The orc is almost dead.
The orc misses you. The orc barely misses you.
There are monsters nearby!
Casting: Call Canine Familiar (quite dangerous; 3% risk of failure)
Confirm with . or Enter, or press ? or * to list all spells.
The spell is quite dangerous to miscast (3% risk of failure)!
Continue anyway?
The orc priest invokes the aid of Beogh against you.
Beogh smites you!
Ouch! That really hurt!
The orc barely misses you. x2
Casting: Call Canine Familiar (quite dangerous; 3% risk of failure)
Confirm with . or Enter, or press ? or * to list all spells.
You don't know that spell.
Unknown command.
You barely miss the orc.
The orc is almost dead.
Your hound closely misses the orc.
The orc barely misses you.
Your hound closely misses the orc.
Unknown command.
Your hound bites the orc.
The orc dies!
Casting: Call Canine Familiar (quite dangerous; 3% risk of failure)
Confirm with . or Enter, or press ? or * to list all spells.
Your hound bites the goblin.
The goblin dies!
Your hound bites the orc.
Your hound bites the orc.
The orc dies!
Your hound barely misses the orc priest. x2
Your quokka bites the orc priest.
Your hound misses the orc priest.
The orc priest mumbles some strange prayers to Beogh against you.
Beogh smites you!
Ouch! That really hurt!
You die...

#<.....##.# #.# #.#.....#.#
#.# #.#.......# #.#
#........## #†#
#....###.######.# .....#
#........#
.....###....###.#############
.......†..#.###..............
..........#.....@..roh#.
##........###########o#
##.........).##....o..#
##........##.##.....oo#
.#........# ##........
..........# #.......#
#..######## #.......# #..#
#######.# #..####### ...


You could see an orc priest (ally target), an orc, a friendly hound (summoned)
and a friendly quokka (summoned).

Vanquished Creatures
  4 endoplasms
  4 giant cockroaches
  3 goblins (D:2)
  A hobgoblin (D:2)
  A quokka (D:3)
  2 ball pythons
  2 bats (D:1)
  3 frilled lizards
  A kobold (D:3)
  A rat (D:2)
22 creatures vanquished.

Vanquished Creatures (collateral kills)
  Jessica (D:2)
  Terence (D:2)
  An adder (D:2)
  A worm (D:3)
  2 dart slugs (D:1)
  2 orcs (D:3)
  3 ball pythons
  2 endoplasms (D:3)
  2 giant cockroaches
  2 goblins
  A hobgoblin (D:1)
  3 kobolds
  A quokka (D:2)
  2 frilled lizards (D:1)
  A rat (D:1)
25 creatures vanquished.

Grand Total: 47 creatures vanquished

Notes
Turn   | Place    | Note
-------+----------+-------------------------------------------
     0 | D:1      | ChadusMaximus the Deep Elf Summoner began the quest for the
                  | Orb.
     0 | D:1      | Reached XP level 1. HP: 10/10 MP: 6/6
   928 | D:1      | Reached XP level 2. HP: 13/15 MP: 8/8
  1046 | D:1      | Found a faded altar of an unknown god.
  1383 | D:2      | Noticed Jessica
  1405 | D:2      | Killed Jessica
  1406 | D:2      | Reached XP level 3. HP: 11/19 MP: 10/10
  1552 | D:2      | Learned a level 3 spell: Call Canine Familiar
  1555 | D:2      | Learned a level 2 spell: Call Imp
  1868 | D:2      | Noticed Terence
  1895 | D:2      | Killed Terence
  1896 | D:2      | Reached skill level 5 in Summonings
  1896 | D:2      | Reached XP level 4. HP: 4/24 MP: 12/12
  3174 | D:3      | Found a sacrificial altar of Ru.
  3373 | D:3      | Killed from afar by an orc priest

Illustrated notes

Levels and vault maps discovered:
D:1:      eino_arrival_water_star, layout_loops_cross,
          hellmonk_ecumenical_altar_heavens_door
D:2:      layout_basic, minmay_strange_pillars, bh_walls_and_bars, uniq_terence,
          uniq_jessica
D:3:      layout_loops_ring, nicolae_ru_the_path_less_chosen,
          gammafunk_ghost_necromancy, minmay_crystal_room

Skill      XL: |  1  2  3 |
---------------+----------+-----
Stealth        | 3 |  3.6
Dodging        | 3 |  3.4
Spellcasting   | 4 |  4.2
Summonings     | 5 |  5.2

Action                   |  1- 3 |  4- 6 || total
-------------------------+-------+-------++-------
Melee: Whip              |    42 |    43 ||    85
       Unarmed           |     2 |       ||     2
 Cast: Summon Small Mamm |    27 |     3 ||    30
       Call Canine Famil |     4 |     4 ||     8
       Call Imp          |     1 |     1 ||     2
 Stab: Sleeping          |     3 |     6 ||     9
Armor: Robe              |     4 |     6 ||    10
Dodge: Dodged            |    38 |    32 ||    70
